 Dungeon Crawl Stone Soup version 0.21-a0-476-gd103f4b (webtiles) character file.

8684 Laiders the Basher (level 11, 0/84 HPs)
             Began as a Formicid Fighter on Nov 22, 2017.
             Was a Priest of Ashenzari.
             Slain by a two-headed ogre
             ... wielding a +0 giant spiked club
              (14 damage)
             ... on level 11 of the Dungeon.
             The game lasted 00:34:45 (12735 turns).

Laiders the Basher (Formicid Fighter)              Turns: 12735, Time: 00:34:46

Health: 0/84       AC: 15    Str: 22    XL:     11   Next: 60%
Magic:  11/11      EV:  6    Int: 10    God:    Ashenzari [***...]
Gold:   685        SH: 15    Dex: 12    Spells: 10/10 levels left

rFire    + . .     SeeInvis +   a - +2 flail (curse)
rCold    . . .     Gourm    .   c - +0 shield (curse)
rNeg     . . .     Faith    .   e - +0 plate armour (curse)
rPois    .         Spirit   .   (helmet unavailable)
rElec    .         Reflect  +   (no cloak)
rCorr    .         Harm     .   B - +1 pair of gloves
MR       +....                  (no boots)
Stlth    ..........             p - +3 amulet of reflection (curse)
HPRegen  0.24/turn              m - +2 ring of dexterity (curse)
MPRegen  0.12/turn              b - ring of protection from fire

@: no status effects
A: permanent stasis, dig shafts and tunnels, four strong arms, antennae 3
a: Dig, Shaft Self, Curse Item, Scrying, Renounce Religion


You were on level 11 of the Dungeon.
You worshipped Ashenzari.
Ashenzari was most pleased with you.
You were not hungry.

You visited 1 branch of the dungeon, and saw 11 of its levels.

You collected 685 gold pieces.

Inventory:

Hand Weapons
 a - a cursed +2 flail (weapon)
Missiles
 d - 7 javelins
 u - 4 tomahawks (quivered)
Armour
 c - a cursed +0 shield (worn)
 e - a cursed +0 plate armour (worn)
 B - a +1 pair of gloves (worn)
Jewellery
 b - a ring of protection from fire (right hand)
 m - a cursed +2 ring of dexterity (left hand)
 p - a cursed +3 amulet of reflection (around neck)
Wands
 n - a wand of clouds (6)
Scrolls
 h - a scroll of magic mapping
 i - a scroll of immolation
 o - a scroll of holy word {unknown}
 t - a scroll of noise {unknown}
 v - 2 scrolls of identify
 y - a scroll of random uselessness {unknown}
 z - a scroll of fear {unknown}
 A - a scroll of remove curse
 D - a scroll of blinking {unknown}
 E - 2 scrolls of enchant armour {unknown}
Potions
 g - a potion of flight
 j - a potion of mutation
 s - 3 potions of curing
 w - 2 potions of brilliance
 x - a potion of resistance
 F - 2 potions of might
Comestibles
 f - 5 bread rations
 k - 10 fruits
 l - 6 meat rations
 r - 10 royal jellies


   Skills:
 + Level 7.4 Fighting
 - Level 12.0(14.6) Maces & Flails
 + Level 7.3 Armour
 + Level 7.8 Stealth
 - Level 9.0(10.8) Shields


You had 10 spell levels left.
You didn't know any spells.

Dungeon Overview and Level Annotations

Branches:
Dungeon (11/15)            Temple (0/1) D:5            Lair (0/6) D:9
    Orc (0/2) D:10

Altars:
Ashenzari
Dithmenos
Fedhas
Gozag
Hepliaklqana
Okawaru
Qazlal
Ru
Sif Muna
Trog
Xom

Shops:
D:9 *


Innate Abilities, Weirdness & Mutations

You cannot be hasted, slowed, berserked, paralysed or teleported.
You can dig through walls and to a lower floor.
Your four strong arms can wield two-handed weapons with a shield.
You have a pair of large antennae on your head. (SInv)


Message History

You hit the two-headed ogre but do no damage.
The two-headed ogre is heavily wounded.
You hit the two-headed ogre.
The two-headed ogre is heavily wounded.
You block the two-headed ogre's attack.
The two-headed ogre hits you with a giant club!!
* * * LOW HITPOINT WARNING * * *
Okay, then.
You hit the two-headed ogre but do no damage.
The two-headed ogre is heavily wounded.
You bludgeon the two-headed ogre!!
The two-headed ogre is almost dead.
The two-headed ogre barely misses you.
The two-headed ogre hits you with a giant club.
* * * LOW HITPOINT WARNING * * *
You hit the two-headed ogre but do no damage.
The two-headed ogre is almost dead.
The two-headed ogre barely misses you.
The two-headed ogre hits you with a giant club!
You die...

*#≈≈.......§≈≈# , + .
#≈≈.§....§§# , ,,, ..
#≈§§§.≈≈≈##, ,,, *
...####§)#####+#+####
,
............#.......#
, *
*+##.........#<......#
, ####......'.......#
, , #......#O......# *
#...##'#@......# *
#...#.)))......# *
#...#..........# , ,,
#...#####......# ,
,#.......######## *, *
#......... ,, ,
.......... ,
**########### * * * *


You could see a two-headed ogre.

Vanquished Creatures
  Erolcha (D:9)
  An unseen horror (D:10)
  A molten gargoyle (D:11)
  The ghost of kae the Ruffian, a novice DrTm (D:4)
  A centaur skeleton (D:10)
  A troll (D:9)
  A hippogriff (D:10)
  3 wraiths (D:10)
  6 yaks (D:9)
  5 orc warriors
  A swamp drake (D:10)
  3 sky beasts
  4 ice beasts
  3 black bears
  A centaur (D:9)
  5 ogres
  5 bullfrogs
  2 scorpions (D:4)
  15 killer bees (D:8)
  5 crimson imps
  A bullfrog zombie (D:10)
  3 jellies
  2 quasits
  5 hounds
  9 orc priests
  7 orc wizards
  A bullfrog skeleton (D:7)
  Terence (D:3)
  6 iguanas
  5 worker ants
  2 hound skeletons (D:8)
  Robin (D:3)
  A gnoll (D:1)
  15 adders
  3 shadow imps
  A worm (D:3)
  2 adder skeletons
  An adder zombie (D:8)
  2 dart slugs (D:1)
  3 leopard geckos
  34 orcs
  7 giant cockroaches
  16 hobgoblins
  12 jackals
  3 quokkas
  7 bats
  8 frilled lizards
  A giant cockroach zombie (D:5)
  17 goblins
  7 kobolds
  A leopard gecko skeleton (D:8)
  A quokka zombie (D:8)
  6 rats
256 creatures vanquished.

Vanquished Creatures (others)
  2 centaurs
2 creatures vanquished.

Grand Total: 258 creatures vanquished

Notes
Turn   | Place    | Note
-------+----------+-------------------------------------------
     0 | D:1      | Laiders the Formicid Fighter began the quest for the Orb.
     0 | D:1      | Reached XP level 1. HP: 18/18 MP: 1/1
    63 | D:1      | Reached XP level 2. HP: 24/24 MP: 2/2
   191 | D:1      | Reached XP level 3. HP: 29/29 MP: 3/3
   322 | D:1      | Reached skill level 3 in Maces & Flails
   758 | D:2      | Reached XP level 4. HP: 26/35 MP: 4/4
  1146 | D:2      | Reached skill level 5 in Shields
  1339 | D:2      | Found a shattered altar of Ashenzari.
  1540 | D:2      | Lost dexterity.
  1552 | D:2      | Reached XP level 5. HP: 7/41 MP: 5/5
  2293 | D:2      | Became a worshipper of Ashenzari the Shackled
  2436 | D:3      | Found a sacrificial altar of Ru.
  2455 | D:3      | Reached skill level 4 in Maces & Flails
  2955 | D:3      | Reached XP level 6. HP: 37/47 MP: 6/6
  3130 | D:3      | Noticed Robin
  3139 | D:3      | Killed Robin
  3370 | D:3      | Noticed Terence
  3381 | D:3      | Killed Terence
  3526 | D:4      | Found a stormy altar of Qazlal.
  3526 | D:4      | Found an iron altar of Okawaru.
  3531 | D:4      | Found a hazy altar of Hepliaklqana.
  3531 | D:4      | Found a shimmering altar of Xom.
  3938 | D:4      | Noticed a sky beast
  3970 | D:4      | Killed a sky beast
  3970 | D:4      | Reached skill level 5 in Maces & Flails
  3970 | D:4      | Reached XP level 7. HP: 52/52 MP: 7/7
  4196 | D:4      | Noticed kae's ghost (novice DrTm)
  4238 | D:4      | Killed kae's ghost
  4238 | D:4      | Reached skill level 6 in Maces & Flails
  4238 | D:4      | Reached XP level 8. HP: 15/58 MP: 8/8
  4621 | D:4      | Found an opulent altar of Gozag.
  4834 | D:5      | Entered Level 5 of the Dungeon
  4881 | D:5      | Reached * piety under Ashenzari
  4891 | D:5      | Found a staircase to the Ecumenical Temple.
  5491 | D:6      | Reached skill level 7 in Maces & Flails
  6362 | D:7      | Reached ** piety under Ashenzari
  6548 | D:7      | Found a blossoming altar of Fedhas.
  6561 | D:7      | Reached skill level 8 in Maces & Flails
  6561 | D:7      | Reached XP level 9. HP: 64/64 MP: 9/9
  6841 | D:7      | Reached skill level 9 in Maces & Flails
  6980 | D:7      | Found a deep blue altar of Sif Muna.
  7005 | D:7      | Identified the +2 leather armour of the Sea {rN+ Stlth+}
  7359 | D:8      | Reached skill level 10 in Maces & Flails
  7378 | D:8      | Noticed a queen bee
  7394 | D:8      | You fall through a shaft for 2 floors!
  7394 | D:10     | Entered Level 10 of the Dungeon
  7818 | D:9      | Found a staircase to the Lair.
  7867 | D:9      | Found a bloodstained altar of Trog.
  7946 | D:9      | Reached skill level 11 in Maces & Flails
  7955 | D:9      | Reached XP level 10. HP: 62/70 MP: 10/10
  8000 | D:9      | Reached skill level 12 in Maces & Flails
  8356 | D:9      | Reached skill level 1 in Stealth
  8380 | D:9      | Noticed Erolcha
  8404 | D:9      | Killed Erolcha
  8664 | D:9      | Found Senischo's General Store.
  8762 | D:9      | Found a shadowy altar of Dithmenos.
  9046 | D:8      | Found a bloodstained altar of Trog.
  9062 | D:8      | Reached skill level 5 in Fighting
  9062 | D:8      | Reached skill level 5 in Armour
  9810 | D:8      | Reached skill level 5 in Stealth
  9879 | D:8      | Reached XP level 11. HP: 73/80 MP: 11/11
 10366 | D:8      | Reached *** piety under Ashenzari
 11124 | D:10     | Found the +5 scythe "Finisher" {speed, Str+3}
 11986 | D:10     | Found a staircase to the Orcish Mines.
 12256 | D:10     | Noticed an unseen horror
 12285 | D:10     | Killed an unseen horror
 12725 | D:11     | Noticed a two-headed ogre
 12735 | D:11     | Slain by a two-headed ogre

Vault maps used:
D:1:      evilmike_arrival_hilbert_curve
D:2:      nicolae_ashenzari_panopticon
D:3:      first_bread, nicolae_ru_sacrificial_ziggurat, uniq_robin, uniq_terence
D:4:      grunt_temple_overflow_open, kennysheep_little_box,
          grunt_decor_fettered
D:5:      minmay_temple_entry_glassed_door
D:7:      lemuel_blue_sif_altar, fedhas_bush_and_centaur_altar
D:8:      david_nohive_1, trog_butcher_becter
D:9:      old_standard_altar, lair_entry_dummy, serial_shops,
          nicolae_shop_trees, trog_ov_bears_minmay, uniq_erolcha
D:10:     erik_orc_1, minmay_guarded_unrand_finisher
D:11:     nicolae_trove_entry_diagonal, kennysheep_big_empty_room, minivault_23,
          billiards_dpeg

Skill      XL: |  1  2  3  4  5  6  7  8  9 10 11 |
---------------+----------------------------------+-----
Shields        | 4 5 6 7 9 |  9.0
Maces & Flails | 3 4 5 6 8 11 12 | 12.0
Stealth        | 5 7 |  7.8
Fighting       | 5 7 |  7.4
Armour         | 5 7 |  7.3

Action                   |  1- 3 |  4- 6 |  7- 9 | 10-12 || total
-------------------------+-------+-------+-------+-------++-------
Melee: Flail             |    70 |   424 |   414 |   532 ||  1440
Invok: Curse Item        |       |     2 |     3 |       ||     5
 Abil: Shaft Self        |       |       |     1 |       ||     1
  Use: Potion            |       |     3 |     7 |     2 ||    12
       Scroll            |       |     1 |     7 |     3 ||    11
 Stab: Confused          |       |       |       |     1 ||     1
  Eat: Chunk             |       |    10 |    10 |    14 ||    34
       Bread ration      |       |       |     1 |       ||     1
       Fruit             |       |       |       |     2 ||     2
Armor: Scale mail        |    36 |    15 |       |       ||    51
       Chain mail        |       |   418 |    54 |       ||   472
       Skin              |       |       |     2 |     9 ||    11
       Plate armour      |       |       |    74 |   155 ||   229
Dodge: Dodged            |    25 |   173 |    70 |    76 ||   344
Block: Shield            |    47 |   361 |   304 |   374 ||  1086
       Reflection        |       |     1 |     4 |     3 ||     8

Table legend:
 A = Spawn XP
 B = Non-spawn XP
 C = Spawn XP percentage of total XP
 D = Spawn monster count
 E = Non-spawn monster count
 F = Spawn count percentage of total count
 G = Total turns spent on level
                    A         B        C        D         E        F      G
               +---------+---------+-------+---------+---------+-------+---------
         Total |       0 |   12407 |   0.0 |       0 |     258 |   0.0 | 12735
               +---------+---------+-------+---------+---------+-------+---------
           D:1 |       0 |      65 |   0.0 |       0 |      30 |   0.0 |   739
           D:2 |       0 |     119 |   0.0 |       0 |      23 |   0.0 |  1584
           D:3 |       0 |     181 |   0.0 |       0 |      34 |   0.0 |  1200
           D:4 |       0 |     776 |   0.0 |       0 |      15 |   0.0 |  1311
           D:5 |       0 |     162 |   0.0 |       0 |       9 |   0.0 |   511
           D:6 |       0 |     444 |   0.0 |       0 |       9 |   0.0 |  1017
           D:7 |       0 |     768 |   0.0 |       0 |      21 |   0.0 |   676
           D:8 |       0 |    2150 |   0.0 |       0 |      48 |   0.0 |  2065
           D:9 |       0 |    3819 |   0.0 |       0 |      27 |   0.0 |  1577
          D:10 |       0 |    3188 |   0.0 |       0 |      36 |   0.0 |  1885
          D:11 |       0 |     735 |   0.0 |       0 |       6 |   0.0 |   170
               +---------+---------+-------+---------+---------+-------+---------
